 Dungeon Crawl Stone Soup version 0.27.1-33-g824d729ab1 (webtiles) character file.

Game seed: 11922277156285925068

378 Katie the Shield-Bearer (level 7, -2/52 HPs)
             Began as a Human Fighter on Nov 25, 2021.
             Slain by an orc wizard (4 damage)
             ... on level 4 of the Dungeon.
             The game lasted 00:22:18 (3669 turns).

Katie the Shield-Bearer (Human Fighter)             Turns: 3669, Time: 00:22:18

Health: -2/52      AC:  2    Str: 17    XL:     7   Next: 4%
Magic:  9/9        EV: 10    Int:  9    God:
Gold:   151        SH: 10    Dex: 13    Spells: 9/9 levels left

rFire    x . .     SeeInvis .   a - +0 trident
rCold    + . .     Faith    .   c - +1 kite shield
rNeg     . . .     Spirit   .   e - +0 robe "Faonnyte" {rPois}
rPois    +         Reflect  .   (no helmet)
rElec    .         Harm     .   (no cloak)
rCorr    .         Rampage  .   (no gloves)
Will     .....                  (no boots)
Stlth    +.........             (no amulet)
HPRegen  0.17/turn              f - ring of wizardry
MPRegen  0.11/turn              g - ring of ice

@: no status effects
A: no striking features
a: no special abilities


You were on level 4 of the Dungeon.
You visited 1 branch of the dungeon, and saw 4 of its levels.

You collected 151 gold pieces.

Inventory:

Hand Weapons
 a - a +0 trident (weapon)
Missiles
 h - 6 poisoned darts (quivered)
 i - 5 sling bullets
Armour
 b - a +0 scale mail
 c - a +1 kite shield (worn)
 e - the +0 robe "Faonnyte" (worn) {rPois}
   (You found it on level 4 of the Dungeon)

   rPois:     It protects you from poison.
Jewellery
 f - a ring of wizardry (left hand)
 g - a ring of ice (right hand)


   Skills:
 + Level 3.6 Fighting
 + Level 4.1 Polearms
 + Level 0.5 Throwing
 + Level 3.7 Armour
 + Level 1.5 Dodging
 + Level 0.3 Stealth
 + Level 4.3 Shields
 * Level 1.8 Spellcasting


You had 9 spell levels left.
You didn't know any spells.
Your spell library was empty.

Dungeon Overview and Level Annotations

Branches:
Dungeon (4/15)
 Temple: D:4-7

Altars:


Message History

The orc wizard flickers and vanishes!
Deactivating autopickup; reactivate with Ctrl-A.
You see here a ball python skeleton.
The hobgoblin hits you but does no damage.
You hit the hobgoblin.
The hobgoblin is severely wounded.
The hobgoblin hits you.
* * * LOW HITPOINT WARNING * * *
You closely miss the hobgoblin.
The hobgoblin is severely wounded.
You block the hobgoblin's attack. The hobgoblin hits you.
* * * LOW HITPOINT WARNING * * *
You puncture the hobgoblin!
You kill the hobgoblin!
You aren't carrying any scrolls.
You aren't carrying any potions.
You start resting.
An orc is nearby!
The orc throws a boomerang.
You block the boomerang.
You hear some strange, mumbled words.
You are confused.
You see here 12 arrows.
You bump into the rock wall.
You bump into the rock wall.
You bump into the rock wall.
Something hits you.
* * * LOW HITPOINT WARNING * * *
You bump into the rock wall.
You hit the orc.
The orc is heavily wounded.
Something hits you.
* * * LOW HITPOINT WARNING * * *
You hit the orc.
You kill the orc!
You feel less confused.
You hear some strange, mumbled words.
A magic dart appears from out of thin air!
The magic dart hits you.
* * * LOW HITPOINT WARNING * * *
You miss something. Something hits you.
You die...

#.......#..##.#.#
#[#.†..[#..##...#
#.#..)........#.# #####
#.#........#..#.# #...#
#.........o....############...#
###.#.......##........(.(........
....#......o##>..................
###.#....#.#####)############...#
###)........†o.o@# #...#
.....###.######### #...# .....#
#†# #...# .....# #.######## #....
.....# #........# #.... .....#
#..<.....# #>... ######
##.......# #.... #.......#####
###.. #...........# #..


You could see 2 orcs.

Vanquished Creatures
  3 scorpions (D:4)
  2 hounds (D:4)
  An iguana (D:3)
  4 adders
  A worm (D:2)
  A dart slug (D:2)
  An orc (D:4)
  12 ball pythons
  8 bats
  10 endoplasms
  A giant cockroach (D:3)
  7 goblins
  8 hobgoblins
  4 jackals (D:3)
  A quokka (D:2)
  4 frilled lizards
  10 kobolds
  3 rats
81 creatures vanquished.

Notes
Turn   | Place    | Note
-------+----------+-------------------------------------------
     0 | D:1      | Katie the Human Fighter began the quest for the Orb.
     0 | D:1      | Reached XP level 1. HP: 18/18 MP: 1/1
   100 | D:1      | Reached XP level 2. HP: 20/24 MP: 2/2
   726 | D:1      | Reached XP level 3. HP: 27/29 MP: 3/3
  1091 | D:2      | Reached XP level 4. HP: 17/35 MP: 4/4
  2197 | D:3      | Reached XP level 5. HP: 23/41 MP: 5/5
  2372 | D:3      | Reached skill level 1 in Dodging
  3027 | D:4      | Reached skill level 1 in Spellcasting
  3031 | D:4      | Reached XP level 6. HP: 25/47 MP: 7/7
  3465 | D:4      | Identified the +0 robe "Faonnyte" {rPois}
  3622 | D:4      | Reached XP level 7. HP: 39/52 MP: 9/9
  3668 | D:4      | HP: 1/52 [something/magic dart (4)]
  3669 | D:4      | Slain by an orc wizard

Illustrated notes

Levels and vault maps discovered:
D:1:      dpeg_arrival_arbitrary_a, layout_loops_corners,
          shapermc_ecumenical_altar_ellora, hangedman_decor_points,
          serial_bayou_pond_d, minmay_tetromino_i2
D:2:      minmay_recursive_quarters, layout_loops_ring
D:3:      layout_loops_cross
D:4:      layout_basic, fountainhead

Skill      XL: |  1  2  3  4  5  6 |
---------------+-------------------+-----
Polearms       | 3 4 |  4.1
Dodging        | 1 |  1.5
Shields        | 4 |  4.3
Spellcasting   | 1 |  1.8
Fighting       | |  3.6
Throwing       | |  0.5
Armour         | |  3.7
Stealth        | |  0.3

Action                   |  1- 3 |  4- 6 |  7- 9 || total
-------------------------+-------+-------+-------++-------
Melee: Trident           |   118 |   161 |    11 ||   290
Throw: Dart              |       |     7 |     2 ||     9
  Use: Potion            |     3 |     2 |       ||     5
       Scroll            |       |       |     1 ||     1
Armor: Scale mail        |    62 |    39 |       ||   101
       Robe              |       |     3 |     2 ||     5
Dodge: Dodged            |    33 |    75 |     3 ||   111
Block: Kite shield       |    72 |    99 |    10 ||   181
